 Dungeon Crawl Stone Soup version 0.24.0-125-gc4c63601f3 (webtiles) character file.

Game seed: 6680642826921260889, levelgen mode: deterministic

29 Iscandelvey the Vexing (level 3, 3/26 HPs)
             Began as a Demonspawn Arcane Marksman on Feb 18, 2020.
             Quit the game on level 2 of the Dungeon.
             The game lasted 00:00:49 (921 turns).

Iscandelvey the Vexing (Demonspawn Arcane Marksman)  Turns: 921, Time: 00:00:49

Health: 3/26       AC:  2    Str: 10    XL:     3   Next: 1%
Magic:  4/4        EV: 12    Int: 15    God:
Gold:   54         SH:  0    Dex: 13    Spells: 3/4 levels left

rFire    . . .     SeeInvis .   a - +0 hunting sling
rCold    . . .     Gourm    .   (no shield)
rNeg     . . .     Faith    .   e - +0 robe
rPois    .         Spirit   .   (helmet restricted)
rElec    .         Reflect  .   (no cloak)
rCorr    .         Harm     .   (no gloves)
MR       .....                  (no boots)
Stlth    +.........             (no amulet)
HPRegen  0.08/turn              (no ring)
MPRegen  0.09/turn              (no ring)

@: no status effects
A: antennae 1, powered by pain 1
a: no special abilities


You were on level 2 of the Dungeon.
You were not hungry.

You visited 1 branch of the dungeon, and saw 2 of its levels.

You collected 54 gold pieces.

Inventory:

Hand Weapons
 a - a +0 hunting sling (weapon)
Missiles
 g - 102 stones (quivered)
Armour
 e - a +0 robe (worn)
Jewellery
 h - a +5 ring of evasion {unknown}
 m - a +3 ring of intelligence {unknown}
Scrolls
 b - a scroll of teleportation {unknown}
 c - 2 scrolls of enchant weapon {unknown}
 i - a scroll of immolation {unknown}
 k - 3 scrolls of identify {unknown}
 l - a scroll of remove curse {unknown}
 n - a scroll of amnesia {unknown}
Comestibles
 f - a ration


   Skills:
 + Level 1.3 Fighting
 + Level 2.5 Slings
 + Level 1.8 Dodging
 + Level 1.0 Spellcasting
 + Level 3.4 Hexes


You had 3 spell levels left.
You knew the following spells:

 Your Spells              Type           Power        Failure   Level  Hunger
a - Corona                Hex            ##.....      6%          1    ##.....

Your spell library contained the following spells:

 Spells                   Type           Power        Failure   Level  Hunger
 Slow                     Hex            ##......     10%         2    ###....
 Inner Flame              Hex/Fire       #.......     36%         3    ####...
 Portal Projectile        Hex/Tloc       #.....       36%         3    ####...
 Cause Fear               Hex            ##........   52%         4    #####..
 Leda's Liquefaction      Hex/Erth       #.........   77%         4    #####..


Dungeon Overview and Level Annotations

Branches:
Dungeon (2/15)

Altars:


Innate Abilities, Weirdness & Mutations

You have a pair of small antennae on your head.
You sometimes gain a little power by taking damage.


Message History

Firing (i - inventory)
g - 104 stones (quivered)
Press: ? - help, Shift-Dir - straight line, f/p - adder
Aim: an adder (heavily wounded)
You shoot a stone. The stone hits the adder.
The adder is almost dead.
The adder bites you.
* * * LOW HITPOINT WARNING * * *
Firing (i - inventory)
g - 103 stones (quivered)
Press: ? - help, Shift-Dir - straight line, f/p - adder
Aim: an adder (almost dead)
You shoot a stone. The stone hits the adder.
You kill the adder!
You have reached level 3!
Your experience leads to an increase in your attributes!
Increase (S)trength, (I)ntelligence, or (D)exterity?
You feel clever.
You feel monstrous as your demonic heritage exerts itself.
Your demonic ancestry asserts itself...
A pair of antennae grows on your head!
Are you sure you want to abandon this character and quit the game? (Confirm with "yes".)

#(# #(# #.# #.#
##(# .(# #(#
#.########@#
........##.#
#..........#
.#####.########
#..........#
#..........#
#..........#
#..........#
#.>........#


There were no monsters in sight!

Vanquished Creatures
  An adder (D:2)
  A worm (D:2)
  A goblin (D:1)
  2 hobgoblins (D:1)
  2 jackals (D:1)
  4 kobolds (D:1)
  2 bats (D:1)
  4 frilled lizards
17 creatures vanquished.

Notes
Turn   | Place    | Note
-------+----------+-------------------------------------------
     0 | D:1      | Iscandelvey the Demonspawn Arcane Marksman began the quest
                  | for the Orb.
     0 | D:1      | Reached XP level 1. HP: 15/15 MP: 2/2
   359 | D:1      | Gained mutation: You sometimes gain a little power by
                  | taking damage. [demonic ancestry]
   359 | D:1      | Reached XP level 2. HP: 21/21 MP: 3/3
   920 | D:2      | Gained mutation: You have a pair of small antennae on your
                  | head. [demonic ancestry]
   920 | D:2      | Reached XP level 3. HP: 3/26 MP: 4/4
   921 | D:2      | Quit the game

Levels and vault maps discovered:
D:1:      nzn_arrival_water_spiral, layout_loops_corners,
          grunt_decor_mini_mirrors, minmay_parallelograms, minmay_crystal_room,
          minmay_misc_feat_nine_boxes
D:2:      layout_basic, uniq_natasha

Skill      XL: |  1 |
---------------+----+-----
Slings         | 2 |  2.5
Fighting       | |  1.3
Dodging        | |  1.8
Spellcasting   | |  1.0
Hexes          | |  3.4

Action                   || total
-------------------------++-------
 Fire: Hunting sling     ||    67
  Use: Potion            ||     1
Armor: Robe              ||     6
Dodge: Dodged            ||    26
